 Dungeon Crawl Stone Soup version 0.29.1-1-gd02db6906a (webtiles) character file.

Game seed: 1673201210674619098

4 Nonny the Sneak (level 1, -1/9 HPs)
             Began as a Spriggan Enchanter on Oct 16, 2022.
             Slain by a worm (10 damage)
             ... on level 2 of the Dungeon.
             The game lasted 00:03:09 (679 turns).

Nonny the Sneak (Spriggan Enchanter)                 Turns: 679, Time: 00:03:10

Health: -1/9       AC:  2    Str:  4    XL:     1   Next: 50%
Magic:  5/5        EV: 17    Int: 16    God:
Gold:   45         SH:  0    Dex: 15    Spells: 5/5 levels left

rFire   . . .      SeeInvis +   a - +1 dagger
rCold   . . .      Faith    .   (no shield)
rNeg    . . .      Spirit   .   b - +0 robe
rPois   .          Reflect  .   (helmet restricted)
rElec   .          Harm     .   (no cloak)
rCorr   .          Rampage  .   (gloves unavailable)
Will    .....                   (boots unavailable)
Stlth   +++.......              g - amulet of magic regeneration
HPRegen 0.03/turn               (no ring)
MPRegen 0.49/turn               (no ring)

@: very quick
A: very small, no large weapons, unfitting armour, see invisible, speed 3
a: no special abilities


You were on level 2 of the Dungeon.
You visited 1 branch of the dungeon, and saw 2 of its levels.

You collected 45 gold pieces.

Inventory:

Hand Weapons
 a - a +1 dagger (weapon)
Missiles
 e - 5 poisoned darts (quivered)
Armour
 b - a +0 robe (worn)
Jewellery
 g - an amulet of magic regeneration (around neck)
Scrolls
 h - a scroll of enchant weapon {unknown}
 i - a scroll of summoning {unknown}
 k - a scroll of amnesia {unknown}
 l - a scroll of acquirement {unknown}
 m - 2 scrolls of teleportation {unknown}
Potions
 c - 2 potions of invisibility
 d - a potion of degeneration {unknown}
 f - a potion of might {unknown}
 j - a potion of berserk rage {unknown}


   Skills:
 + Level 1.1 Short Blades
 + Level 2.6 Dodging
 + Level 4.7 Stealth
 + Level 2.8 Spellcasting
 + Level 3.6 Hexes


You had 5 spell levels left.
You didn't know any spells.
Your spell library contained the following spells:

 Spells                   Type           Power      Damage    Failure   Level
 Confusing Touch          Hex            13%        N/A       13%         3
 Tukima's Dance           Hex            13%        N/A       13%         3
 Ensorcelled Hibernation  Hex/Ice        16%        N/A       14%         2
 Dazzling Flash           Conj/Hex       16%        N/A       26%         3
 Ozocubu's Armour         Ice            2%         N/A       50%         3
 Ozocubu's Refrigeration  Ice            1%         4d7       100%        7


Dungeon Overview and Level Annotations

Branches:
Dungeon (2/15)

Altars:


Innate Abilities, Weirdness & Mutations

You are very small and have problems with some larger weapons.
You are too small for most types of armour.
You have supernaturally acute eyesight. (SInv)
You cover ground extremely quickly. (Speed+++)


Message History

h - a scroll labelled SOKHLAA EFUOCU
There are no items here.
A frilled lizard comes into view.
The hobgoblin shouts!
You see here 9 gold pieces.
You now have 26 gold pieces (gained 9).
There is a stone staircase leading down here.
You climb downwards.
There is a stone staircase leading up here.
Unknown command.
Found a stone staircase leading up.
Found a scroll labelled JYRHI ZUUGGEFU.
There is a stone staircase leading up here.
You start resting.
HP restored.
i - a scroll labelled JYRHI ZUUGGEFU
Found a cyan potion.
j - a cyan potion
Found a scroll labelled XOAK MODA.
k - a scroll labelled XOAK MODA
Found 19 gold pieces.
You are a level 1 Spriggan Enchanter.
You are 50% of the way to level 2.
Play time: 00:02:52 (607 turns).
Zot will find you in 11540 turns if you stay in this branch and explore no new floors.
You now have 36 gold pieces (gained 10).
You now have 45 gold pieces (gained 9).
You open the door.
Found a scroll labelled NEGGEXTUYG.
There is an open door here.
l - a scroll labelled NEGGEXTUYG A goblin comes into view.
It is wielding a +0 dagger.
Found a stone staircase leading down.
Found 6 gold pieces.
Found 2 scrolls labelled ZUSUNKADWO and 2 gold pieces.
A worm comes into view.
You see here 2 scrolls labelled ZUSUNKADWO.
m - 2 scrolls labelled ZUSUNKADWO The worm bites you!
Ouch! That really hurt!
You die...

#.#..#.#..#
#.#....<..# ###
#.#.##.#..## ..
#.#....#.... #.##
#......#.### #..#
#...........
#.###......#..##
#.#####..##....#......
#...w@.........#.#####
##########.......#
..#.....# .#.###...#
#.#.# #...# # #.# ...#
#.# $.# #.#


You could see a worm.

Vanquished Creatures
  A ball python (D:1)
  2 endoplasms (D:1)
3 creatures vanquished.

Notes
Turn   | Place    | Note
-------+----------+-------------------------------------------
     0 | D:1      | Nonny the Spriggan Enchanter began the quest for the Orb.
     0 | D:1      | Reached XP level 1. HP: 9/9 MP: 5/5
   233 | D:1      | magic regen amulet in the south
   265 | D:1      | Found a faded altar of an unknown god.
   679 | D:2      | Slain by a worm

Illustrated notes

≈.~~~≈~~~ ~.~≈~~~~~~
~.≈≈~~~~~~ ~.~~~PP~~
~.~~~PP♣ ~.~~~~♣
...~P~# # P..~♣.#
########.# #..##.#
#.....@..#
#.....#####.##.##.##
#####..........# .#
#######.#### .# #.#
.# #.. .# #### ##


Turn 233 on D:1: magic regen amulet in the south

Levels and vault maps discovered:
D:1:      zelgadis_glass_arrival_small, layout_loops_cross,
          ebering_ecumenical_altar_petrified, serial_bayou,
          serial_bayou_lagoon_b, serial_bayou_shore_a, serial_bayou_pond_d,
          serial_bayou_pond_e
D:2:      layout_basic, basic_altar, serial_shops, nicolae_shop_behind_doors

Action                   || total
-------------------------++-------
Melee: Dagger            ||     4
 Stab: Sleeping          ||     1
Armor: Robe              ||     6
Dodge: Dodged            ||    49
